 Dungeon Crawl Stone Soup version 0.26.0-10-g1f06aea511 (webtiles) character file.

Game seed: 10085362160633199708

7489 Borgoz the Carver (level 11, -6/82 HPs)
             Began as a Ghoul Gladiator on Jan 30, 2021.
             Was a Follower of Ashenzari.
             Mangled by a deep troll (9 damage)
             ... on level 9 of the Dungeon.
             The game lasted 00:12:52 (10196 turns).

Borgoz the Carver (Ghoul Gladiator)                Turns: 10196, Time: 00:12:52

Health: -6/82      AC: 12    Str: 23 (25) XL:     11   Next: 16%
Magic:  10/10      EV: 14    Int:  2 (3)  God:    Ashenzari [*.....]
Gold:   471        SH:  5    Dex: 12 (13) Spells: 4/10 levels left

rFire    . . .     SeeInvis .   d - +3 short sword
rCold    + . .     Faith    .   h - +0 buckler
rNeg     + + +     Spirit   .   x - +0 scale mail
rPois    ∞         Reflect  .   c - +0 helmet
rElec    .         Harm     .   (no cloak)
rCorr    .         Rampage  .   (no gloves)
Will     .....                  y - +2 pair of boots {Stlth+}
Stlth    +.........             l - amulet of the acrobat
HPRegen  0.00/turn              w - +4 ring of slaying
MPRegen  0.12/turn              g - +6 ring of strength

@: about to teleport
A: claws 1, cold resistance 1, negative energy resistance 3, inhibited
regeneration, torment resistance, unbreathing
a: Renounce Religion, Curse Item, Scrying


You were on level 9 of the Dungeon.
You worshipped Ashenzari.
Ashenzari was aware of your devotion.
You visited 2 branches of the dungeon, and saw 11 of its levels.

You collected 471 gold pieces.

Inventory:

Hand Weapons
 a - a +1 long sword
 d - a +3 short sword (weapon)
 z - a +0 great sword
 C - a +0 scimitar
Missiles
 A - a throwing net (quivered)
Armour
 c - a +0 helmet (worn)
 h - a +0 buckler (worn)
 x - a +0 scale mail (worn)
 y - a +2 pair of boots of stealth (worn)
Jewellery
 g - a +6 ring of strength (right claw)
 l - an amulet of the acrobat (around neck)
 u - a +4 ring of protection
 w - a +4 ring of slaying (left claw)
Wands
 n - a wand of iceblast (13)
 o - a wand of flame (2)
Scrolls
 k - a scroll of blinking
 t - 7 scrolls of remove curse
 v - 2 scrolls of fog
 B - a scroll of magic mapping {unknown}
 F - a scroll of enchant armour {unknown}
 G - a scroll of identify
Potions
 b - a potion of mutation
 m - 2 potions of brilliance
 p - 2 potions of attraction
 q - 3 potions of flight
 s - 2 potions of resistance


   Skills:
 * Level 3.5 Fighting
 * Level 10.5 Long Blades
 - Level 1.7 Throwing
 * Level 7.3 Armour
 * Level 7.9 Dodging
 + Level 1.8 Stealth
 - Level 4.0 Shields
 + Level 1.2 Evocations


You had 4 spell levels left.
You knew the following spells:

 Your Spells              Type           Power        Failure   Level
a - Confusing Touch       Hex            0%           99%         3
b - Vampiric Draining     Necr           0%           99%         3

Your spell library contained the following spells:

 Spells                   Type           Power        Failure   Level
 Animate Skeleton         Necr           0%           83%         1
 Apportation              Tloc           0%           83%         1
 Corona                   Hex            0%           83%         1
 Pain                     Necr           0%           83%         1
 Summon Small Mammal      Summ           0%           83%         1
 Gell's Gravitas          Tloc           0%           99%         3
 Animate Dead             Necr           0%           100%        4
 Petrify                  Tmut/Erth      0%           100%        4
 Agony                    Necr           0%           100%        5
 Metabolic Englaciation   Hex/Ice        0%           100%        5
 Yara's Violent Unravell  Hex/Tmut       0%           100%        5


Dungeon Overview and Level Annotations

Branches:
Dungeon (10/15)            Temple (1/1) D:5
   Lair: D:8-11         Orc: D:9-12

Altars:
Ashenzari
Cheibriados
Dithmenos
Elyvilon
Fedhas
Gozag
Hepliaklqana
Kikubaaqudgha
Makhleb
Nemelex Xobeh
Okawaru
Qazlal
Ru
Trog
Uskayaw
Vehumet
Wu Jian
Xom
Yredelemnul
Zin
The Shining One


Innate Abilities, Weirdness & Mutations

You thrive by killing the living.
You are immune to poison.
You have sharp fingernails.
Your flesh is cold resistant. (rC+)
You are immune to negative energy. (rN+++)
You do not regenerate when monsters are visible.
You are immune to unholy pain and torment.
You can survive without breathing.


Message History

The deep troll claws you! You block the troll's attack. x2
The troll closely misses you.
You hit the deep troll.
The deep troll is severely wounded.
The deep troll bites you. You block the deep troll's attack.
The deep troll claws you but does no damage.
The troll bites you!
* * * LOW HITPOINT WARNING * * *
The troll claws you.
* * * LOW HITPOINT WARNING * * *
The troll closely misses you. The deep troll misses you.
The deep troll completely misses you. x2
There is an open door here.
Okay, then.
As you read the scroll of teleportation, it crumbles to dust.
You feel strangely unstable. You block the deep troll's attack.
The deep troll claws you!
* * * LOW HITPOINT WARNING * * *
The deep troll claws you!
You die...

≈≈≈≈≈≈≈≈≈≈##.##........#
≈;≈≈≈≈;≈≈≈≈#.##........#
.......#≈≈≈#.##........#
#.##........#
#.##........##
#.##...........
#####..##T#########
........#T# ........#@#
........#.#
........#'######
##########..........
..........#..........
..........#..........
..........##..#######
..........##..#
..........'..>#


You could see a deep troll and a troll.

Vanquished Creatures
  A centaur warrior (D:8)
  Psyche (D:8)
  A tengu conjurer (D:8)
  Grinder (D:4)
  5 trolls (D:9)
  2 yaks (D:9)
  A wyvern (D:8)
  2 wraiths (D:7)
  3 ice beasts
  A black bear (D:7)
  A phantom (D:5)
  5 orc warriors
  2 necrophages (D:7)
  6 ogres
  A centaur (D:5)
  3 bullfrogs
  A gnoll sergeant (D:8)
  5 scorpions
  A howler monkey (D:5)
  7 wights
  4 electric eels
  A bullfrog zombie (D:6)
  6 hounds
  A jelly (D:8)
  5 human zombies (D:7)
  2 orc priests
  A centaur skeleton (D:7)
  11 orc wizards
  A bullfrog skeleton (D:5)
  A gnoll shaman (D:5)
  2 iguanas
  Ijyb (D:4)
  8 worker ants
  A killer bee zombie (D:8)
  A hound zombie (D:7)
  A worker ant zombie (D:7)
  A howler monkey zombie (D:5)
  Robin (D:4)
  15 gnolls
  A howler monkey skeleton (D:5)
  12 adders
  A shadow imp (D:9)
  4 white imps
  2 adder skeletons (D:4)
  An adder zombie (D:5)
  6 worms
  9 leopard geckos
  33 orcs
  2 bats
  6 giant cockroaches
  13 goblins
  9 hobgoblins
  6 quokkas
  A frilled lizard (D:3)
  5 kobolds
  An orc zombie (D:7)
  A quokka skeleton (D:4)
  9 rats
236 creatures vanquished.

Notes
Turn   | Place    | Note
-------+----------+-------------------------------------------
     0 | D:1      | Borgoz the Ghoul Gladiator began the quest for the Orb.
     0 | D:1      | Reached XP level 1. HP: 17/17 MP: 0/0
   444 | D:1      | Reached XP level 2. HP: 22/24 MP: 1/1
   503 | D:1      | Reached skill level 3 in Long Blades
  1106 | D:2      | Reached XP level 3. HP: 29/29 MP: 2/2
  1154 | D:2      | Reached skill level 1 in Armour
  1535 | D:2      | Found a white marble altar of Elyvilon.
  2096 | D:3      | Reached XP level 4. HP: 30/36 MP: 3/3
  2325 | D:3      | Reached skill level 4 in Long Blades
  2325 | D:3      | Reached XP level 5. HP: 36/41 MP: 4/4
  2938 | D:4      | Noticed an ogre
  2947 | D:4      | Killed an ogre
  2948 | D:4      | Reached XP level 6. HP: 22/48 MP: 5/5
  2950 | D:4      | Reached skill level 5 in Long Blades
  3224 | D:4      | Noticed Robin
  3252 | D:4      | Killed Robin
  3253 | D:4      | Reached XP level 7. HP: 51/55 MP: 6/6
  3326 | D:4      | Noticed Grinder
  3348 | D:4      | Killed Grinder
  3349 | D:4      | Reached skill level 1 in Shields
  3615 | D:4      | Noticed Ijyb
  3621 | D:4      | Killed Ijyb
  3806 | D:4      | Found a sparkling altar of Nemelex Xobeh.
  3959 | D:5      | Entered Level 5 of the Dungeon
  4092 | D:5      | Found a transporter.
  4095 | D:5      | Found a transporter.
  4121 | D:5      | Reached skill level 6 in Long Blades
  4154 | D:5      | Reached XP level 8. HP: 55/61 MP: 7/7
  4604 | D:5      | Reached skill level 5 in Dodging
  4870 | D:5      | Reached skill level 7 in Long Blades
  5102 | D:5      | Found a staircase to the Ecumenical Temple.
  5115 | Temple   | Entered the Ecumenical Temple
  5287 | Temple   | Became a worshipper of Ashenzari the Shackled
  5520 | D:6      | Reached XP level 9. HP: 46/67 MP: 8/8
  5700 | D:6      | Found a hazy altar of Hepliaklqana.
  6130 | D:6      | Found a blossoming altar of Fedhas.
  6202 | D:6      | Reached skill level 5 in Armour
  6300 | D:6      | Reached skill level 8 in Long Blades
  7225 | D:7      | Reached XP level 10. HP: 73/73 MP: 9/9
  7248 | D:7      | Reached skill level 9 in Long Blades
  7438 | D:7      | Found a basalt altar of Yredelemnul.
  7578 | D:8      | Noticed Psyche
  7592 | D:8      | Killed Psyche
  8268 | D:8      | Noticed a centaur warrior
  8280 | D:8      | Killed a centaur warrior
  8281 | D:8      | Reached skill level 10 in Long Blades
  8718 | D:8      | Learned a level 3 spell: Confusing Touch
  8722 | D:8      | Learned a level 3 spell: Vampiric Draining
  8938 | D:9      | Reached * piety under Ashenzari
  8966 | D:9      | Found a bloodstained altar of Trog.
  9028 | D:9      | Found a snail-covered altar of Cheibriados.
  9572 | D:9      | Reached skill level 1 in Stealth
  9572 | D:9      | Reached XP level 11. HP: 47/81 MP: 10/10
  9591 | D:9      | Reached skill level 1 in Evocations
  9821 | D:9      | Noticed a deep troll
  9887 | D:10     | Entered Level 10 of the Dungeon
 10196 | D:9      | HP: 3/82 [deep troll (9)]
 10196 | D:9      | Mangled by a deep troll

Illustrated notes

Levels and vault maps discovered:
D:1:      elethiomel_arrival_maze, layout_basic
D:2:      layout_rooms, elyvilon_altar_1
D:3:      layout_basic, kennysheep_generic_room_5
D:4:      minmay_chambers_of_threes, layout_gridville,
          lemuel_coloured_pillars_altar, uniq_grinder, uniq_ijyb, uniq_robin
D:5:      gammafunk_steamed_eel, layout_basic, temple_hall
D:6:      layout_basic, nzn_hepliaklqana_mist_gate, fedhas_altar_3
D:7:      layout_rooms, lemuel_mausoleum_altar_yredelemnul,
          minmay_misc_feat_four_crosses, kennysheep_generic_room_15
D:8:      minmay_cornered_nines, layout_basic, uniq_psyche
D:9:      lemuel_troll_bridge, layout_basic, lemuel_crystal_altar,
          lemuel_round_altar, basic_altar
D:10:     layout_irregular_city, lair_entry_dummy, uniq_urug
Temple:   eino_temple_scatter_basement

Skill      XL: |  1  2  3  4  5  6  7  8  9 10 11 |
---------------+----------------------------------+-----
Long Blades    | 3 4 5 6 7 8 10 | 10.5
Dodging        | 3 4 5 6 7 |  7.9
Armour         | 1 2 3 4 5 7 |  7.3
Shields        | 2 3 4 |  4.0
Stealth        | 1 |  1.8
Fighting       | 3 |  3.5
Evocations     | 1 |  1.2
Throwing       | |  1.7

Action                   |  1- 3 |  4- 6 |  7- 9 | 10-12 || total
-------------------------+-------+-------+-------+-------++-------
Melee: Long sword        |   101 |   121 |   399 |       ||   621
       Short sword       |       |       |     8 |   328 ||   336
Throw: Throwing net      |     1 |     2 |     7 |     5 ||    15
Evoke: Wand              |       |     1 |     2 |    20 ||    23
  Use: Scroll            |       |     8 |    10 |     4 ||    22
       Potion            |       |       |     4 |     6 ||    10
 Stab: Held in net/web   |     2 |       |       |     1 ||     3
Armor: Leather armour    |    44 |     9 |       |       ||    53
       Scale mail        |       |    62 |   142 |    89 ||   293
Dodge: Dodged            |   111 |   113 |   244 |   199 ||   667
Block: Buckler           |       |    14 |    80 |    67 ||   161
       Rpst.: Long sword |    33 |    36 |    62 |       ||   131
